 Dungeon Crawl Stone Soup version 0.22.0-27-ga576289 (webtiles) character file.

98 leisz the Digger (level 4, -1/26 HPs)
             Began as a Gargoyle Earth Elementalist on Aug 21, 2018.
             Was a Follower of Elyvilon.
             Killed by nerve-wracking pain
             ... invoked by an orc priest
              (6 damage)
             ... on level 3 of the Dungeon.
             The game lasted 00:13:07 (1542 turns).

leisz the Digger (Gargoyle Earth Elementalist)      Turns: 1542, Time: 00:13:08

Health: -1/26      AC:  5    Str: 12    XL:     4   Next: 69%
Magic:  0/8        EV: 12    Int: 16    God:    Elyvilon [*.....]
Gold:   123        SH:  0    Dex: 10    Spells: 7/8 levels left

rFire    . . .     SeeInvis .   i - +0 dagger
rCold    . . .     Gourm    .   (no shield)
rNeg     + . .     Faith    .   c - +0 robe
rPois    ∞         Spirit   .   (no helmet)
rElec    +         Reflect  .   (no cloak)
rCorr    .         Harm     .   (no gloves)
MR       .....                  (no boots)
Stlth    ++........             (no amulet)
HPRegen  0.08/turn              (no ring)
MPRegen  0.11/turn              (no ring)

@: no status effects
A: negative energy resistance 1, electricity resistance, unbreathing,
petrification resistance, rot immunity, AC +3
a: Lesser Healing, Divine Protection, Renounce Religion


You were on level 3 of the Dungeon.
You worshipped Elyvilon.
Elyvilon was aware of your devotion.
You were hungry.

You visited 1 branch of the dungeon, and saw 3 of its levels.

You collected 123 gold pieces.

Inventory:

Hand Weapons
 f - a +0 hunting sling
 i - a +0 dagger (weapon)
Missiles
 b - 12 stones (quivered)
Armour
 c - a +0 robe (worn)
Scrolls
 a - 4 scrolls of identify
 n - a scroll of enchant weapon {unknown}
 o - 2 scrolls of amnesia {unknown}
 p - a scroll of magic mapping {unknown}
Potions
 e - a potion of might {unknown}
 g - a potion of heal wounds {unknown}
 h - a potion of degeneration {unknown}
 k - 2 potions of cancellation
 l - 4 potions of curing
 m - a potion of ambrosia
Comestibles
 d - 4 rations
 j - 2 chunks of flesh


   Skills:
 + Level 2.0 Fighting
 + Level 1.8 Armour
 - Level 1.6 Dodging
 - Level 2.3 Stealth
 + Level 2.7 Spellcasting
   Level 0.7 Transmutations
 + Level 4.5 Earth Magic


You had 7 spell levels left.
You knew the following spells:

 Your Spells              Type           Power        Failure   Level  Hunger
a - Sandblast             Erth           ###...       3%          1    #......

Your spell library contained the following spells:

 Spells                   Type           Power        Failure   Level  Hunger
 Passwall                 Tmut/Erth      ##......     10%         2    ##.....
 Magic Dart               Conj           #...         19%         1    #......
 Stone Arrow              Conj/Erth      #.....       22%         3    ###....
 Searing Ray              Conj           #.....       28%         2    ##.....
 Dazzling Spray           Conj/Hex       #.....       50%         3    ###....
 Petrify                  Tmut/Erth      ##......     54%         4    #####..
 Lee's Rapid Deconstruct  Erth           ###.......   63%         5    ######.
 Force Lance              Conj/Tloc      #.......     88%         4    #####..
 Fulminant Prism          Conj/Hex       #.........   88%         4    #####..
 Iskenderun's Mystic Bla  Conj           #.......     88%         4    #####..


Dungeon Overview and Level Annotations

Branches:
Dungeon (3/15)

Altars:
Cheibriados
Elyvilon


Innate Abilities, Weirdness & Mutations

You are resistant to torment.
Your stone body is resilient. (AC +3)
You are immune to poison.
You resist negative energy. (rN+)
You are resistant to electric shocks. (rElec)
You can survive without breathing.
You are immune to petrification.
You are immune to rotting.


Message History

* * * LOW HITPOINT WARNING * * *
The orc priest looks satisfied for a moment.
The orc priest calls upon Beogh to heal the orc.
The orc's wounds heal themselves!
Casting: Sandblast (safe; 3% risk of failure)
Confirm with . or Enter, or press ? or * to list all spells.
Aiming: Sandblast (safe; 3% risk of failure)
Press: ? - help, Shift-Dir - straight line, f - leopard gecko, p - orc
Aim: a leopard gecko (clinging)
The blast of sand hits the leopard gecko.
You kill the leopard gecko!
Your Fighting skill increases to level 2!
b - 12 stones The giant cockroach closely misses you.
The giant cockroach bites you but does no damage.
The orc barely misses you.
The giant cockroach bites you but does no damage.
The orc priest calls down the wrath of Beogh upon you.
Pain shoots through your body!
You die...

##########
#..@.....##########.
#so......#..........
#..o.....#..........
#........#..........
#........#....[)....
#...................
+..........########.
##.............
.##.######.##....##.###


You could see an orc priest, an orc and a giant cockroach.

Vanquished Creatures
  A crimson imp (D:3)
  An adder (D:2)
  An ooze (D:2)
  2 leopard geckos (D:3)
  2 orcs (D:3)
  2 bats
  4 giant cockroaches
  2 goblins (D:2)
  5 hobgoblins
  8 jackals
  2 quokkas
  A ball python (D:2)
  4 frilled lizards
  4 kobolds
  5 rats
44 creatures vanquished.

Notes
Turn   | Place    | Note
-------+----------+-------------------------------------------
     0 | D:1      | leisz the Gargoyle Earth Elementalist began the quest for the Orb.
     0 | D:1      | Reached XP level 1. HP: 10/10 MP: 3/3
   167 | D:1      | Reached XP level 2. HP: 13/15 MP: 5/5
   657 | D:2      | Reached skill level 1 in Fighting
   657 | D:2      | Reached skill level 1 in Armour
   657 | D:2      | Reached skill level 4 in Earth Magic
   657 | D:2      | Reached XP level 3. HP: 8/20 MP: 4/6
  1022 | D:2      | Found a faded altar of an unknown god.
  1033 | D:2      | Became a worshipper of Elyvilon the Healer
  1033 | D:2      | Reached * piety under Elyvilon
  1214 | D:2      | Found a snail-covered altar of Cheibriados.
  1420 | D:3      | HP: 1/20 [crimson imp (2)]
  1519 | D:3      | Reached XP level 4. HP: 19/25 MP: 4/7
  1542 | D:3      | Killed from afar by an orc priest

Skill      XL: |  1  2  3  4 |
---------------+-------------+-----
Fighting       | 1 2 |  2.0
Armour         | 1 |  1.8
Earth Magic    | 4 |  4.5
Dodging        | |  1.6
Stealth        | |  2.3
Spellcasting   | |  2.7
Transmutations | |  0.7

Action                   |  1- 3 |  4- 6 || total
-------------------------+-------+-------++-------
Melee: Unarmed           |    12 |       ||    12
       Dagger            |   127 |       ||   127
 Cast: Sandblast         |    42 |     7 ||    49
  Use: Scroll            |     3 |       ||     3
       Potion            |     1 |       ||     1
  Eat: Chunk             |     2 |       ||     2
Armor: Robe              |    41 |     2 ||    43
Dodge: Dodged            |   105 |     7 ||   112
